 Dungeon Sprint DCSS version 0.31-a0-920-g28cbb04a8c (webtiles) character file.

Game seed: 17479862430817435680

450 sircluck the Grappler (level 6, -3/106 HPs)
             Began as a Troll Berserker on Oct 17, 2023.
             Was a Follower of Trog.
             Slain by a sea snake (6 damage)
             ... in the Dungeon (Sprint VII: "The Pits").
             The game lasted 00:00:53 (111 turns).

sircluck the Grappler (Troll Berserker)              Turns: 111, Time: 00:00:53

Health: -3/106     AC:  4    Str: 28    XL:     6   Next: 74%
Magic:  5/5        EV: 11    Int:  3    God:    Trog [*.....]
Gold:   0          SH:  0    Dex:  9    Spells: 5/5 levels left

rFire   . .          .
                       - Unarmed
rCold   . . .        (no shield)
rNeg    . . .        a - +0 animal skin
rPois   .            (helmet restricted)
rElec   .            (no cloak)
rCorr   .            (gloves unavailable)
SInv    .            (boots unavailable)
Will    .....        (no amulet) Stlth
                     (no ring)
HPRegen 1.17/turn    (no ring)
MPRegen 0.09/turn

%: no teleportation
@: berserking, lethally poisoned (-3 -> -10), very quick
A: large, unfitting armour, claws 3, regeneration 1, shaggy fur 1, tough skin 1
a: Renounce Religion, Berserk


You were in the Dungeon.
You worshipped Trog.
Trog was aware of your devotion.
You visited 1 branch

Inventory:

Armour
 a - a +0 animal skin (worn)
Scrolls
 g - a scroll of blinking
Potions
 b - a potion of curing
 c - a potion of heal wounds
 d - a potion of haste
 e - 2 potions of magic
 f - a potion of berserk rage


   Skills:
 + Level 7.5 Fighting
 + Level 7.4 Dodging
 + Level 8.9 Unarmed Combat


You had 5 spell levels left.
You didn't know any spells.
Your spell library was empty.

Dungeon Overview and Level Annotations

Branches:
Dungeon (1/1)

Altars:


Innate Abilities, Weirdness & Mutations

You are too large for most types of armour.
You have claws for hands.
Your natural rate of healing is unusually fast.
You are covered in fur. (AC +1)
You have tough skin. (AC +1)


Message History

There is a huge open gate here.
There is a huge open gate leading to the Armoury (Hard) here.
You fail to use your ability.
You barely miss the sea snake. The sea snake bites you!!
A red film seems to cover your vision as you go berserk!
You feel yourself moving faster!
You feel mighty! The sea snake bites you!
You are poisoned.
The sea snake poisons you!
You closely miss the sea snake.
You feel very sick. The sea snake bites you!
You mangle the sea snake!! You claw the sea snake!!
The sea snake is severely wounded.
You feel extremely sick. The sea snake bites you!
You closely miss the sea snake.
The sea snake is severely wounded.
You feel very sick. The sea snake bites you!
* * * LOW HITPOINT WARNING * * *
You claw the sea snake!
The sea snake is almost dead.
* * * LOW HITPOINT WARNING * * *
You feel very sick.
You scratch the sea snake.
The sea snake is almost dead.
* * * LOW HITPOINT WARNING * * *
You feel very sick. The sea snake bites you!
* * * LOW HITPOINT WARNING * * *
You closely miss the sea snake.
The sea snake is almost dead.
* * * LOW HITPOINT WARNING * * *
You feel very sick.
You barely miss the sea snake.
The sea snake is almost dead.
* * * LOW HITPOINT WARNING * * *
You feel very sick. The sea snake bites you.
You die...

##########++###### ##
#................# ..
#......#..#......##..
#................''..
+...@S...........''..
#......#..#......##..
#........).......# ..
####'#####''###### ##
#.......##''#####
#.......##......+
#.......##......+
#...<...##.....##
#.......##...###


You could see a sea snake.

Vanquished Creatures
  A molten gargoyle (D)
  A fire bat (D)
2 creatures vanquished.

Notes
Turn   | Place    | Note
-------+----------+-------------------------------------------
     0 | D        | sircluck the Troll Berserker began the quest for the Orb.
     0 | D        | Reached XP level 1. HP: 22/22 MP: 0/0
    11 | D        | Noticed a molten gargoyle
    11 | D        | Noticed a fire bat
    20 | D        | Killed a fire bat
    21 | D        | Reached skill level 5 in Fighting
    21 | D        | Reached skill level 5 in Dodging
    21 | D        | Reached skill level 6 in Unarmed Combat
    21 | D        | Reached XP level 2. HP: 35/35 MP: 1/1
    21 | D        | Reached XP level 3. HP: 42/42 MP: 2/2
    21 | D        | Reached XP level 4. HP: 50/50 MP: 3/3
    21 | D        | Reached XP level 5. HP: 57/57 MP: 4/4
    23 | D        | Killed a molten gargoyle
    24 | D        | Reached skill level 8 in Unarmed Combat
    24 | D        | Reached XP level 6. HP: 48/71 MP: 5/5
    87 | D        | Noticed a sea snake
    87 | D        | Noticed an orange demon
   111 | D        | HP: 3/106 [poisoned by a sea snake]
   111 | D        | Slain by a sea snake

Illustrated notes

Levels and vault maps discovered:
D:        pitsprint [storerooms_1, entrance_room_1, metal_vault_4, armoury_2,
          mini_pit_1, grid_room_1, main_hall_1, silver_pit, the_coven_2,
          the_vestibule_1, steel_vault_3, golden_pit, hallway_of_sentries,
          crystal_vault_4, iron_vault_5, final_vault]

Skill      XL: |  1  2  3  4  5 |
---------------+----------------+-----
Fighting       | 5 7 |  7.5
Dodging        | 5 7 |  7.4
Unarmed Combat | 6 8 |  8.9

Action                     |  1- 3 |  4- 6 || total
---------------------------+-------+-------++-------
  Melee: Unarmed           |     4 |    10 ||    14
         Punch             |       |     1 ||     1
 Invoke: Berserk           |     1 |     1 ||     2
 Armour: Animal skin       |     3 |     8 ||    11
  Dodge: Dodged            |     2 |       ||     2

Table legend: (Time is in decaauts)
 A = Elapsed time spent in this place.
 B = Non-inter-level travel time spent in this place.
 C = Inter-level travel time spent in this place.
 D = Time resting spent in this place.
 E = Time spent auto-exploring this place.
 F = Levels seen in this place.
 G = Mean time per level.
                   A        B        C        D        E       F      G
               +--------+--------+--------+--------+--------+-----+--------+
         Total |    117 |    117 |      0 |     54 |     11 |   1 |  117.0 |
       Dungeon |    117 |    117 |      0 |     54 |     11 |   1 |  117.0 |
               +--------+--------+--------+--------+--------+-----+--------+

Top non-repeatable levels by time:
       D: 117 daAuts
